 Dungeon Crawl Stone Soup version 0.16.2-2-g470672f (webtiles) character file.

490 hannobal the Sneak (level 7, -1/65 (66) HPs)
             Began as a Naga Assassin on Sept 4, 2015.
             Was an Initiate of Cheibriados.
             Slain by Duvessa
             ... wielding a +4 short sword of electrocution
              (7 damage)
             ... on level 4 of the Dungeon.
             The game lasted 00:13:27 (3596 turns).

hannobal the Sneak (Naga Assassin)                  Turns: 3596, Time: 00:13:27

HP:   -1/65 (66)    AC: 14    Str: 16    XL:     7   Next: 14%
MP:   6/9           EV:  9    Int: 13    God:    Cheibriados [......]
Gold: 280           SH:  0    Dex: 18    Spells: 0 memorised, 6 levels left

rFire  . . .     SeeInvis +     b - +2 long sword (slice)
rCold  . . .     Clarity  +     B - +0 chain mail
rNeg   . . .     SustAb   .     (no shield)
rPois  +         Gourm    .     C - +1 helmet
rElec  .         Spirit   .     d - +1 cloak
rCorr  .         Warding  .     (no gloves)
rMut   .         Stasis   .     (no barding)
MR     .....                    A - amulet of clarity
Stlth  ++........               (no ring)
                                v - ring of flight

@: agile, very slow, not resistant to hostile enchantments, unstealthy
A: spit poison, iridescent scales 1, see invisible, deformed body, poison
resistance, slowness 2, placid magic 1, AC +2
a: Spit Poison, Bend Time, Renounce Religion, Evoke Flight


You were on level 4 of the Dungeon.
You worshipped Cheibriados.
Cheibriados was noncommittal.
You were hungry.

You visited 1 branch of the dungeon, and saw 4 of its levels.

You collected 280 gold pieces.

Inventory:

Hand weapons
 a - a +2 morningstar of draining
 b - a +2 long sword of slicing (weapon)
 p - a +4 hunting sling
 t - a +1 blowgun
 y - a +2 dagger
Missiles
 e - 5 poisoned needles
 f - a curare-tipped needle
 k - 23 arrows
 m - 11 bolts
 n - 3 poisoned tomahawks (quivered)
 q - 6 tomahawks
 x - 3 javelins
 z - 137 stones
Armour
 d - a +1 cloak (worn)
 B - a +0 chain mail (worn)
 C - a +1 helmet (worn)
Jewellery
 r - an uncursed ring of ice
 v - a ring of flight (left hand)
 A - an amulet of clarity (around neck)
Magical devices
 l - a wand of polymorph (8)
Scrolls
 c - a scroll of blinking
 i - 3 scrolls of identify
 s - a scroll of teleportation
Books
 h - a book of the Dragon

   Spells                             Type                      Level
   a - Flight                         Charms/Air                   3
   b - Cause Fear                     Hexes                        4
   c - Bolt of Fire                   Conjuration/Fire             6
   d - Dragon Form                    Transmutation                7
   e - Dragon's Call                  Summoning                    9
Comestibles
 g - 3 bread rations {@e1}
 o - a slice of pizza


   Skills:
 - Level 4.6 Fighting
 - Level 2.0(3.8) Short Blades
 - Level 5.1(5.3) Long Blades
 - Level 1.7 Throwing
 - Level 0.7 Dodging
 - Level 6.4 Stealth
 + Level 1.9 Invocations


You had 6 spell levels left.
You didn't know any spells.

Dungeon Overview and Level Annotations

Branches:
Dungeon (4/15)
 Temple: D:4-7

Altars:
Cheibriados
Fedhas
Qazlal
Ru
Sif Muna
Xom
Zin

Annotations:
D:4 Dowan, Duvessa


Innate Abilities, Weirdness & Mutations

You cannot wear boots.
You can spit poison.
Your serpentine skin is tough (AC +2).
You have supernaturally acute eyesight.
Armour fits poorly on your strangely shaped body.
Your system is resistant to poisons.
You cover ground very slowly.
You are partially covered in iridescent scales (AC +4).
Your spells are a little easier to cast, but a little less powerful.


Message History

Duvessa is lightly wounded.
You have got your breath back.
Duvessa hits you with a short sword of electrocution.
You are electrocuted!
* * * LOW HITPOINT WARNING * * *
You hit Duvessa.
Duvessa is moderately wounded.
Duvessa barely misses you.
You hit Duvessa but do no damage.
Duvessa is moderately wounded.
Duvessa hits you with a short sword of electrocution.
* * * LOW HITPOINT WARNING * * *
You are electrocuted!
* * * LOW HITPOINT WARNING * * *
You slash Duvessa!
Duvessa is heavily wounded.
You hit Duvessa but do no damage.
Duvessa is heavily wounded.
Duvessa hits you with a short sword of electrocution!
You die...

##### ....# ##### ######
....# ... .... ....+ #e#
##.# ....# #####@#
#<.#####....#
#.....####...........#
#.......##.###.......#
##.....).+..# #.......+
#........#### #.......#
###........### #.......#
#..._........ #.......#
##..........#.####.......#
##...........+.......<#####


You could see Duvessa.

Vanquished Creatures
  Grinder (D:3)
  A crimson imp (D:3)
  A jelly (D:4)
  2 hounds (D:4)
  Jessica (D:3)
  Robin (D:3)
  4 adders (D:2)
  A worm (D:2)
  2 giant geckos (D:2)
  7 orcs (D:3)
  10 bats
  2 giant cockroaches
  18 goblins
  9 hobgoblins
  6 jackals
  7 kobolds
  4 quokkas
  3 ball pythons
  4 giant newts
  4 rats (D:1)
88 creatures vanquished.

Notes
Turn   | Place    | Note
--------------------------------------------------------------
     0 | D:1      | hannobal, the Naga Assassin, began the quest for the Orb.
     0 | D:1      | Reached XP level 1. HP: 19/19 MP: 1/1
   100 | D:1      | Reached XP level 2. HP: 18/27 MP: 2/2
   901 | D:1      | Reached skill level 6 in Stealth
  1108 | D:2      | Reached XP level 3. HP: 3/34 MP: 3/3
  1582 | D:2      | Reached XP level 4. HP: 39/44 MP: 4/4
  2074 | D:3      | Noticed Jessica
  2078 | D:3      | Noticed Robin
  2100 | D:3      | Killed Jessica
  2359 | D:3      | Gained mutation: Your spells are a little easier to cast, but a little less powerful. [potion of mutation]
  2359 | D:3      | Gained mutation: You are partially covered in iridescent scales (AC +4). [potion of mutation]
  2439 | D:3      | Noticed Grinder
  2466 | D:3      | Killed Grinder
  2466 | D:3      | Reached XP level 5. HP: 6/51 MP: 5/5
  2466 | D:3      | Reached XP level 6. HP: 6/58 MP: 6/6
  3250 | D:3      | Found a snail-covered altar of Cheibriados.
  3274 | D:3      | Became a worshipper of Cheibriados the Contemplative
  3402 | D:3      | Killed Robin
  3451 | D:4      | Reached skill level 5 in Long Blades
  3509 | D:4      | Reached skill level 1 in Invocations
  3509 | D:4      | Reached XP level 7. HP: 62/65 MP: 6/8
  3527 | D:4      | Found a deep blue altar of Sif Muna.
  3563 | D:4      | Found a shimmering altar of Xom.
  3563 | D:4      | Found a sacrificial altar of Ru.
  3566 | D:4      | Found a stormy altar of Qazlal.
  3567 | D:4      | Found a blossoming altar of Fedhas.
  3568 | D:4      | Found a glowing silver altar of Zin.
  3584 | D:4      | Noticed Dowan
  3585 | D:4      | Noticed Duvessa
  3596 | D:4      | Slain by Duvessa

Action                   |  1- 3 |  4- 6 |  7- 9 || total
-------------------------+-------+-------+-------++-------
Melee: Dagger            |    50 |    81 |       ||   131
       Long sword        |       |   112 |    12 ||   124
 Fire: Blowgun           |    35 |     1 |       ||    36
Throw: Stone             |     4 |       |       ||     4
       Tomahawk          |       |     1 |       ||     1
Invok: Bend Time         |       |       |     1 ||     1
 Abil: Spit Poison       |       |       |     1 ||     1
  Use: Scroll            |     7 |     5 |       ||    12
       Potion            |     3 |     9 |     1 ||    13
 Stab: Sleeping          |     9 |     5 |       ||    14
       Distracted        |     1 |       |       ||     1
  Eat: Chunk             |     2 |     7 |       ||     9
